 Seeded DCSS version 0.26-a0-450-ge645bd1 (webtiles) character file.

Game seed: 35642143469501421 (custom seed)

4575 Illumine the Sneak (level 10, -1/86 (87) HPs)
             Began as a Deep Dwarf Enchanter on July 26, 2020.
             Was a Believer of Makhleb.
             Slain by a two-headed ogre
             ... wielding a +0 giant club
              (6 damage)
             ... on level 10 of the Dungeon on July 27, 2020.
             The game lasted 00:45:10 (12855 turns).

Illumine the Sneak (Deep Dwarf Enchanter)          Turns: 12855, Time: 00:45:11

HP:   -1/86 (87)    AC:  7    Str: 19    XL:     10   Next: 18%
MP:   14/17         EV: 14    Int: 18    God:    Makhleb [**....]
Gold: 272           SH:  0    Dex: 13    Spells: 8/19 levels left

rFire    . . .     SeeInvis .   a - +7 dagger
rCold    . . .     Faith    .   (no shield)
rNeg     + . .     Spirit   .   J - +0 leather armour of Cloud Cover {rElec rN+ Stlth+} (curse)
rPois    .         Reflect  .   C - +1 helmet (curse)
rElec    +         Harm     .   (no cloak)
rCorr    .                      v - +0 pair of gloves
MR       +....                  (no boots)
Stlth    ++++......             (no amulet)
HPRegen  0.00/turn              F - ring of wizardry
MPRegen  0.15/turn              x - +6 ring of strength

@: non-regenerating
A: damage resistance, heal wounds, sense surroundings 2, no regeneration
a: Heal Wounds, Minor Destruction, Renounce Religion


You were on level 10 of the Dungeon.
You worshipped Makhleb.
Makhleb was pleased with you.
You visited 2 branches of the dungeon, and saw 11 of its levels.
You also visited: Sewer.

You collected 580 gold pieces.
You spent 308 gold pieces at shops.

Inventory:

Hand Weapons
 a - a +7 dagger (weapon)
 b - the +2 mace of the Crushed Shrikes {vamp, Dex+5}
   (You found it on level 4 of the Dungeon)

   It inflicts no extra harm, but heals its wielder when it wounds a living foe.
   It affects your dexterity (+5).
 u - a +4 spectral club
Missiles
 d - 316 stones (quivered)
 j - 57 poisoned darts
 s - 3 datura-tipped darts
Armour
 k - the +2 ring mail of Qoomefur {Str+3 Stlth+}
   (You found it on level 6 of the Dungeon)

   It affects your strength (+3).
   It makes you more stealthy.
 v - a +0 pair of gloves (worn)
 C - a cursed +1 helmet (worn)
 J - the cursed +0 leather armour of Cloud Cover (worn) {rElec rN+ Stlth+}
   (You bought it in a shop on level 7 of the Dungeon)

   It insulates you from electricity.
   It protects you from negative energy.
   It makes you more stealthy.
   It has a curse placed upon it.
Jewellery
 f - an uncursed ring of positive energy
 x - a +6 ring of strength (right hand)
 y - an uncursed ring of poison resistance
 z - an uncursed ring of ice
 F - a ring of wizardry (left hand)
 H - an uncursed ring of see invisible
 M - an uncursed ring of flight
Wands
 t - a wand of paralysis (11)
 w - a wand of digging (4)
 A - a wand of clouds (2)
 I - a wand of enslavement (7)
Scrolls
 g - 6 scrolls of teleportation
 h - 3 scrolls of remove curse
 l - a scroll of magic mapping {unknown}
 n - 2 scrolls of amnesia
 q - a scroll of enchant armour
 D - a scroll of fear {unknown}
 E - 2 scrolls of fog
 L - a scroll of holy word {unknown}
Potions
 c - 4 potions of curing
 e - 3 potions of heal wounds
 i - 3 potions of stabbing
 m - 2 potions of ambrosia
 o - 5 potions of brilliance
 p - 3 potions of cancellation
 r - a potion of might {unknown}
 B - 4 potions of haste {unknown}
 G - a potion of resistance {unknown}
 K - a potion of invisibility {unknown}


   Skills:
 + Level 4.5 Fighting
 - Level 4.0 Short Blades
 + Level 4.3 Maces & Flails
 + Level 4.4 Armour
 + Level 5.2 Dodging
 + Level 7.9 Stealth
 + Level 5.3 Spellcasting
 + Level 5.7 Hexes
 - Level 2.0 Ice Magic
 - Level 2.0 Invocations
 - Level 2.0 Evocations


You had 8 spell levels left.
You knew the following spells:

 Your Spells              Type           Power        Failure   Level
b - Ensorcelled Hibernat  Hex/Ice        ###...       1%          2
c - Confusing Touch       Hex            ####....     1%          3
d - Tukima's Dance        Hex            ####....     1%          3
e - Dazzling Flash        Conj/Hex       ###...       6%          3

Your spell library contained the following spells:

 Spells                   Type           Power        Failure   Level
 Corona                   Hex            ####...      1%          1


Dungeon Overview and Level Annotations

Branches:
Dungeon (10/15)            Temple (1/1) D:5           Sewer (visited)
   Lair: D:8-11         Orc: D:9-12

Altars:
Ashenzari
Cheibriados
Dithmenos
Elyvilon
Fedhas
Gozag
Hepliaklqana
Kikubaaqudgha
Makhleb
Nemelex Xobeh
Okawaru
Qazlal
Ru
Sif Muna
Trog
Uskayaw
Vehumet
Wu Jian
Xom
Yredelemnul
Zin
The Shining One

Shops:
D:7 *


Innate Abilities, Weirdness & Mutations

You are resistant to damage.
You can heal yourself by infusing magical energy.
You passively map the area around you.
You do not regenerate.


Message History

The gnoll shaman is moderately wounded.
The gnoll shaman completely misses you.
You strike the helpless gnoll shaman from behind!
You impale the gnoll shaman!!
You kill the gnoll shaman!
Makhleb accepts your kill.
Things that are here:
a +0 club; a +0 leather armour
There is a stone staircase leading down here.
You climb downwards.
The centaur shoots an arrow.
The arrow barely misses you. The gnoll closely misses you.
The iguana bites you!
* * * LOW HITPOINT WARNING * * *
The centaur shoots an arrow.
The arrow hits you!
* * * LOW HITPOINT WARNING * * *
The sky beast hits you but does no damage.
The gnoll closely misses you.
The iguana bites you but does no damage.
The two-headed ogre closely misses you.
The two-headed ogre hits you with a +0 giant club!
You die...

###......## ## #.........
.###........## *
##.##.......#.<.
##,####......#..l......
#(.#.........#.........
#:.(.....g...>.........
###....l...........<#
*,......g@$...T...##......
* ......YO......:* #......
.........$.c#.. .(..#.#
..$.........# , .....### *
,..........### ..#.... ,
.......!... , ...#....,
............ ........## *
,.##..........* * , , , ,


You could see a two-headed ogre, a troll, a sky beast, a centaur, an iguana and
2 gnolls.

Vanquished Creatures
  A hornet (D:8)
  4 hippogriffs
  4 yaks
  An orc warrior (D:8)
  5 ice beasts
  2 sky beasts
  2 necrophages
  A centaur (D:9)
  2 ogres
  3 bullfrogs
  2 big kobolds (Sewer)
  3 scorpions
  3 killer bees (D:9)
  6 wights (D:7)
  A howler monkey (D:8)
  A bullfrog zombie (D:5)
  3 hounds
  An orc priest (D:5)
  A bullfrog skeleton (D:5)
  3 centaur skeletons
  A jelly (D:5)
  8 orc wizards
  A gnoll shaman (D:9)
  3 iguanas
  6 worker ants
  Ijyb (D:4)
  A hound skeleton (D:5)
  15 adders
  2 river rats (Sewer)
  4 shadow imps
  3 oozes
  An adder zombie (D:8)
  An adder skeleton (D:4)
  3 worms
  4 dart slugs (D:1)
  6 leopard geckos
  19 orcs
  7 bats
  3 giant cockroaches
  10 goblins
  8 hobgoblins
  8 jackals
  5 quokkas
  2 ball pythons
  6 frilled lizards
  2 jackal skeletons
  12 kobolds
  A leopard gecko skeleton (D:4)
  2 leopard gecko zombies
  A quokka skeleton (D:7)
  6 rats
  A spectral orc (D:4)
202 creatures vanquished.

Vanquished Creatures (others)
  A dancing weapon (D:8)
1 creature vanquished.

Grand Total: 203 creatures vanquished

Notes
Turn   | Place    | Note
-------+----------+-------------------------------------------
     0 | D:1      | Illumine the Deep Dwarf Enchanter began the quest for the
                  | Orb.
     0 | D:1      | Reached XP level 1. HP: 15/15 MP: 3/3
   124 | D:1      | Reached skill level 1 in Short Blades
   416 | D:1      | Reached XP level 2. HP: 13/22 MP: 4/4
   420 | D:1      | Learned a level 2 spell: Ensorcelled Hibernation
  1132 | D:1      | Reached skill level 4 in Stealth
  1244 | D:1      | Reached XP level 3. HP: 15/28 MP: 6/6
  1535 | D:1      | Learned a level 3 spell: Confusing Touch
  2202 | D:2      | Found a faded altar of an unknown god.
  2249 | D:2      | Reached XP level 4. HP: 35/36 MP: 4/7
  3580 | D:3      | Reached skill level 1 in Ice Magic
  3752 | D:3      | Reached XP level 5. HP: 21/42 MP: 0/8
  4275 | D:4      | Noticed Ijyb
  4279 | D:4      | Killed Ijyb
  4314 | D:4      | Found a glowing silver altar of Zin.
  4481 | D:4      | Found a stormy altar of Qazlal.
  4483 | D:4      | Found a shattered altar of Ashenzari.
  4528 | D:4      | Noticed an ogre
  4535 | D:4      | Killed an ogre
  4535 | D:4      | Reached skill level 1 in Evocations
  4535 | D:4      | Reached XP level 6. HP: 39/50 MP: 6/9
  4612 | D:4      | Got a brightly glowing mace
  4617 | D:4      | Identified the +2 mace of the Crushed Shrikes {vamp, Dex+5}
                  | (You found it on level 4 of the Dungeon)
  4626 | D:4      | Found a sparkling altar of Nemelex Xobeh.
  4764 | D:4      | Found a basalt altar of Yredelemnul.
  5205 | D:5      | Entered Level 5 of the Dungeon
  5255 | D:5      | Reached skill level 1 in Fighting
  5323 | D:5      | Found a staircase to the Ecumenical Temple.
  5335 | Temple   | Entered the Ecumenical Temple
  5478 | D:5      | Reached XP level 7. HP: 39/57 MP: 11/11
  5508 | D:5      | Found a sacrificial altar of Ru.
  5562 | D:5      | Reached skill level 1 in Maces & Flails
  5583 | D:5      | Learned a level 3 spell: Tukima's Dance
  5769 | D:5      | Reached skill level 5 in Stealth
  6176 | D:5      | Found a glowing golden altar of the Shining One.
  6208 | D:5      | Noticed a rust devil
  6331 | D:5      | Noticed an angel
  6850 | D:6      | Found a burning altar of Makhleb.
  6853 | D:6      | Became a worshipper of Makhleb the Destroyer
  6879 | D:6      | Got a transparent ring mail
  7261 | D:6      | Found a glowing drain.
  7266 | Sewer    | Entered a sewer
  7363 | Sewer    | Reached skill level 1 in Invocations
  7480 | Sewer    | Reached XP level 8. HP: 15/67 MP: 2/13
  8058 | D:6      | Found a hide-covered altar of Uskayaw.
  8097 | D:6      | Reached * piety under Makhleb
  8410 | D:6      | Found a shadowy altar of Dithmenos.
  8602 | D:7      | Learned a level 3 spell: Dazzling Flash
  8631 | D:7      | Reached skill level 1 in Armour
  8910 | D:7      | Found Wiumir's General Store.
  8918 | D:7      | Bought a potion of heal wounds for 55 gold pieces
  8918 | D:7      | Bought the cursed +0 leather armour of Cloud Cover {rElec
                  | rN+ Stlth+} for 220 gold pieces
  8918 | D:7      | Bought a scroll of noise for 11 gold pieces
  8918 | D:7      | Bought a scroll of identify for 22 gold pieces
  8919 | D:7      | Identified the +2 ring mail of Qoomefur {Str+3 Stlth+} (You
                  | found it on level 6 of the Dungeon)
  9066 | D:7      | Noticed a hippogriff
  9081 | D:7      | Killed a hippogriff
  9081 | D:7      | Reached skill level 6 in Stealth
  9674 | D:8      | Noticed a hippogriff
  9776 | D:8      | Gained mutation: You passively map the area around you.
                  | [Deep Dwarf growth]
  9776 | D:8      | Reached XP level 9. HP: 33/75 MP: 12/14
  9946 | D:8      | Reached skill level 5 in Hexes
 10219 | D:8      | HP: 2/75 [ice beast (11)]
 10500 | D:8      | Reached skill level 7 in Stealth
 10721 | D:8      | Reached ** piety under Makhleb
 10997 | D:8      | Reached skill level 5 in Spellcasting
 12079 | D:9      | Reached skill level 5 in Dodging
 12128 | D:8      | Reached XP level 10. HP: 51/85 MP: 13/16
 12795 | D:10     | Entered Level 10 of the Dungeon
 12838 | D:10     | Noticed a two-headed ogre
 12855 | D:10     | Slain by a two-headed ogre

Illustrated notes

Levels and vault maps discovered:
D:1:      psy_arrival_dodecagon, layout_basic
D:2:      layout_basic, chequers_ecumenical_altar_simple_redux, minmay_bisected
D:3:      layout_basic, chequers_hall_statues_corner_a
D:4:      layout_loops_corners, yredelemnul_forgotten_temple_becter,
          nicolae_overflow_crystal_walls, nemelex_xobeh_ov_fountains_minmay,
          chequers_temple_overflow_statue_of_worship, uniq_ijyb
D:5:      layout_loops_corners, lemuel_crystal_altar,
          nicolae_ru_sacrificial_ziggurat, temple_garden
D:6:      layout_basic, old_standard_altar, kennysheep_mini_moat,
          kennysheep_little_box, portal_sewer_entry_e
D:7:      layout_loops_corners, serial_shops, shop_fountains
D:8:      minmay_cut_squares, layout_basic, chequers_serial_rivers_micro_e,
          dk_noncrumbling_2
D:9:      layout_basic, nicolae_looking_at_the_future
D:10:     layout_cave_pools
Temple:   minmay_temple_bridge_abc

Skill      XL: |  1  2  3  4  5  6  7  8  9 |
---------------+----------------------------+-----
Short Blades   | 1 2 3 4 |  4.0
Spellcasting   | 2 3 4 5 |  5.3
Stealth        | 4 5 6 7 |  7.9
Hexes          | 3 4 5 |  5.7
Ice Magic      | 1 2 |  2.0
Evocations     | 1 2 |  2.0
Fighting       | 1 2 3 4 |  4.5
Maces & Flails | 2 4 |  4.3
Invocations    | 1 2 |  2.0
Armour         | 2 4 |  4.4
Dodging        | 3 5 |  5.2

Action                   |  1- 3 |  4- 6 |  7- 9 | 10-12 || total
-------------------------+-------+-------+-------+-------++-------
Melee: Dagger            |   105 |   104 |   265 |    20 ||   494
       Club              |       |     5 |     7 |       ||    12
       Mace              |       |     1 |    76 |     2 ||    79
Throw: Stone             |    26 |     2 |    25 |       ||    53
 Cast: Corona            |    14 |     3 |       |       ||    17
       Ensorcelled Hiber |    19 |    28 |   114 |    17 ||   178
       Confusing Touch   |     1 |     4 |    32 |     2 ||    39
       Tukima's Dance    |       |       |     2 |       ||     2
       Dazzling Flash    |       |       |     1 |       ||     1
 Abil: Heal Wounds       |     2 |     4 |    10 |       ||    16
Evoke: Wand              |       |       |     1 |       ||     1
  Use: Scroll            |     2 |     6 |    12 |       ||    20
       Potion            |       |     1 |     2 |       ||     3
 Stab: Sleeping          |    21 |    26 |    69 |    11 ||   127
       Confused          |     1 |     2 |    25 |     2 ||    30
Armor: Robe              |    19 |    14 |    16 |       ||    49
       Leather armour    |       |       |    41 |     6 ||    47
Dodge: Dodged            |    74 |    68 |   181 |    19 ||   342

Table legend: (Time is in decaauts)
 A = Elapsed time spent in this place.
 B = Non-inter-level travel time spent in this place.
 C = Inter-level travel time spent in this place.
 D = Time resting spent in this place.
 E = Time spent auto-exploring this place.
 F = Levels seen in this place.
 G = Mean time per level.
                   A        B        C        D        E       F      G
               +--------+--------+--------+--------+--------+-----+--------+
         Total |  12865 |  12489 |    376 |   2032 |   7009 |  12 | 1072.1 |
       Dungeon |  12052 |  11708 |    344 |   1807 |   6697 |  10 | 1205.2 |
        Temple |     75 |     43 |     32 |      0 |     21 |   1 |   75.0 |
         Sewer |    737 |    737 |      0 |    225 |    291 |   1 |  737.0 |
               +--------+--------+--------+--------+--------+-----+--------+

Top non-repeatable levels by time:
     D:1: 1715 daAuts
     D:8: 1650 daAuts
     D:5: 1560 daAuts
     D:9: 1430 daAuts
     D:7: 1276 daAuts
     D:2: 1245 daAuts
     D:3: 1145 daAuts
     D:4: 1087 daAuts
     D:6: 935 daAuts
   Sewer: 737 daAuts
  Temple: 75 daAuts
    D:10: 4 daAuts
